 Dungeon Crawl Stone Soup version 0.27-a0-419-g7a85846853 (webtiles) character file.

Game seed: 9060838119077275326

8 Chiseanne the Skirmisher (level 2, 19/22 HPs)
             Began as a Demonspawn Wanderer on Feb 26, 2021.
             Quit the game on level 1 of the Dungeon.
             The game lasted 00:00:27 (384 turns).

Chiseanne the Skirmisher (Demonspawn Wanderer)       Turns: 384, Time: 00:00:28

Health: 19/22      AC:  8    Str: 14    XL:     2   Next: 0%
Magic:  2/2        EV:  6    Int: 11    God:
Gold:   87         SH:  0    Dex: 12    Spells: 1/1 levels left

rFire    . . .     SeeInvis .   a - +2 falchion
rCold    . . .     Faith    .   (no shield)
rNeg     . . .     Spirit   .   f - +0 chain mail
rPois    .         Reflect  .   (no helmet)
rElec    .         Harm     .   (no cloak)
rCorr    .         Rampage  .   (no gloves)
Will     .....                  (no boots)
Stlth    ..........             (no amulet)
HPRegen  0.07/turn              (no ring)
MPRegen  0.08/turn              (no ring)

@: no status effects
A: claws 1
a: no special abilities


You were on level 1 of the Dungeon.
You visited 1 branch of the dungeon, and saw 1 of its levels.

You collected 87 gold pieces.

Inventory:

Hand Weapons
 a - a +2 falchion (weapon)
Missiles
 c - 6 arrows
 g - 16 stones (quivered)
Armour
 f - a +0 chain mail (worn)
Scrolls
 d - a scroll of immolation {unknown}
 e - 2 scrolls of identify {unknown}
 h - a scroll of enchant weapon {unknown}
Potions
 b - a potion of lignification


   Skills:
 * Level 2.3 Fighting
 - Level 1.7 Long Blades
 * Level 0.4 Armour
 * Level 1.3 Dodging
 - Level 1.0 Shields
 - Level 2.0 Hexes
 - Level 1.0 Earth Magic
 - Level 1.0 Evocations


You had one spell level left.
You didn't know any spells.
Your spell library was empty.

Dungeon Overview and Level Annotations

Branches:
Dungeon (1/15)

Altars:


Innate Abilities, Weirdness & Mutations

You have sharp fingernails.


Message History

There is a stone staircase leading down here.
You open the door.
There is an open door here.
You open the door.
There is an open door here.
A jackal comes into view.
The jackal bites you but does no damage.
The jackal bites you.
You hit the jackal.
You kill the jackal!
No target in view!
No target in view!
No target in view!
No target in view!
No target in view!
No target in view!
No target in view!
No target in view!
No target in view!
No target in view!
No target in view!
No target in view!
No target in view!
No target in view! 2 jackals come into view.
The jackal barks!
You hit the jackal.
The jackal is severely wounded.
The jackal bites you but does no damage. x2
You hit the jackal.
The jackal is almost dead.
The jackal bites you but does no damage. x2
You slash the jackal!
You kill the jackal!
The jackal bites you.
The jackal bites you but does no damage.
You have reached level 2!
Your demonic ancestry asserts itself...
Your fingernails lengthen.
Are you sure you want to abandon this character and quit the game? (Confirm with "yes".)

## .. .... #......# ..... ....
##...... ....# .....#......
....#####.....#.....
...............$...
###.#......##..... .#
###.#......##..h.#########.#
................@.....>....#
.................#####..#..###
.##.........#....# #.........
.##.........#.##..####...#.###
.##........................#
...............##.#......###
########.......##...#....####
≈≈≈P..........................
≈≈P............###..#..#######


You could see a jackal.

Vanquished Creatures
  A bat (D:1)
  A hobgoblin (D:1)
  2 jackals (D:1)
  2 kobolds (D:1)
  2 rats (D:1)
8 creatures vanquished.

Notes
Turn   | Place    | Note
-------+----------+-------------------------------------------
     0 | D:1      | Chiseanne the Demonspawn Wanderer began the quest for the
                  | Orb.
     0 | D:1      | Chiseanne set off with the following items: a +2 falchion,
                  | a potion of lignification, a +0 robe
     0 | D:1      | Reached XP level 1. HP: 16/16 MP: 1/1
   384 | D:1      | Gained mutation: You have sharp fingernails. [demonic
                  | ancestry]
   384 | D:1      | Reached XP level 2. HP: 19/22 MP: 2/2
   384 | D:1      | Quit the game

Illustrated notes

Levels and vault maps discovered:
D:1:      eino_arrival_druids_welcome, layout_basic

Action                   || total
-------------------------++-------
Melee: Falchion          ||    17
Armor: Chain mail        ||     7
       Robe              ||     1
Dodge: Dodged            ||     5
       Rpst.: Falchion   ||     1

Table legend: (Time is in decaauts)
 A = Elapsed time spent in this place.
 B = Non-inter-level travel time spent in this place.
 C = Inter-level travel time spent in this place.
 D = Time resting spent in this place.
 E = Time spent auto-exploring this place.
 F = Levels seen in this place.
 G = Mean time per level.
                   A        B        C        D        E       F      G
               +--------+--------+--------+--------+--------+-----+--------+
         Total |    387 |    387 |      0 |      0 |    328 |   1 |  387.0 |
       Dungeon |    387 |    387 |      0 |      0 |    328 |   1 |  387.0 |
               +--------+--------+--------+--------+--------+-----+--------+

Top non-repeatable levels by time:
     D:1: 387 daAuts
